 Dungeon Crawl Stone Soup version 0.19.0-2-gae57169 (webtiles) character file.

636 hurricos the Slicer (level 7, -5/43 HPs)
             Began as a High Elf Artificer on Nov 6, 2016.
             Slain by an ogre
             ... wielding a +0 giant club
              (15 damage)
             ... on level 5 of the Dungeon.
             The game lasted 00:04:28 (6371 turns).

hurricos the Slicer (High Elf Artificer)            Turns: 6371, Time: 00:04:29

Health: -5/43      AC:  4    Str: 12    XL:     7   Next: 25%
Magic:  10/10      EV: 12    Int: 16    God:
Gold:   172        SH:  0    Dex: 16    Spells: 0 memorised, 6 levels left

rFire  . . .     SeeInvis .     t - +0 rapier
rCold  . . .     Gourm    .     b - +0 leather armour
rNeg   . . .     Faith    .     (no shield)
rPois  .         Spirit   .     (no helmet)
rElec  .         Reflect  .     (no cloak)
rCorr  .         Harm     .     j - +0 pair of gloves
MR     .....                    (no boots)
Stlth  ++........               (no amulet)
                                v - +3 ring of slaying
                                s - ring of wizardry

@: no status effects
A: no striking features
a: no special abilities


You were on level 5 of the Dungeon.
You were not hungry.

You visited 1 branch of the dungeon, and saw 5 of its levels.

You collected 172 gold pieces.

Inventory:

Hand Weapons
 a - a +0 short sword
 t - a +0 rapier (weapon)
Armour
 b - a +0 leather armour (worn)
 j - a +0 pair of gloves (worn)
Jewellery
 s - a ring of wizardry (left hand)
 v - a +3 ring of slaying (right hand)
Wands
 c - a wand of flame (4/48)
 d - a wand of enslavement (3/24)
 e - a wand of random effects (2/48)
 x - a wand of confusion (15/48)
Scrolls
 m - a scroll of magic mapping {unknown}
 o - a scroll of fear {unknown}
 p - a scroll of immolation {unknown}
 u - a scroll of noise {unknown}
 w - a scroll of remove curse {unknown}
Potions
 f - a potion of lignification {unknown}
 g - a potion of haste {unknown}
 h - 2 potions of curing {unknown}
 l - a potion of brilliance {unknown}
Comestibles
 i - 2 bread rations
 k - 3 beef jerkies
 n - 2 meat rations
 q - a fruit
 r - 2 royal jellies


   Skills:
 - Level 1.0 Fighting
 + Level 9.5 Short Blades
 - Level 2.1 Dodging
 - Level 1.1 Stealth
 - Level 3.0 Evocations


You had 6 spell levels left.
You didn't know any spells.

Dungeon Overview and Level Annotations

Branches:
Dungeon (5/15)             Temple (0/1) D:5

Altars:


Message History

The gnoll is moderately wounded.
You puncture the gnoll!
You kill the gnoll!
You hit the gnoll.
The gnoll is lightly wounded.
You puncture the gnoll!
The gnoll is almost dead.
The gnoll hits you with a whip!
You closely miss the gnoll.
The gnoll is almost dead.
The gnoll hits you but does no damage.
You puncture the gnoll!
You kill the gnoll!
The ogre hits you with a giant club!!
Ouch! That really hurt!
* * * LOW HITPOINT WARNING * * *
Things that are here:
a whip; a club; a gnoll corpse You hit the ogre but do no damage.
The ogre hits you with a giant club!
You die...

.. #.## ) ## ####.. .. #.
..##.# ..# #. #.##.##..#
#####.########.#......
#...........##.#..##.##
#.###........@O..%#...#
#.##.....##.#####.#...#
####.##.....##.#####.#...##
.............<#....#O.....#
####.#.......#.###.#>........
# #.#.......#(# #.#......###
####.#.##.##.#(# #.#.#.>.##
..##.#.##.##.#.# #.#.......
#.##......##.#.# #.####.####


You could see an ogre.

Vanquished Creatures
  A phantom (D:5)
  A sky beast (D:3)
  A boggart (D:3)
  A howler monkey (D:4)
  A crimson imp (D:3)
  An iguana (D:4)
  5 adders
  5 gnolls
  An ooze (D:3)
  5 worms
  A dart slug (D:2)
  3 leopard geckos
  2 orcs
  6 giant cockroaches
  10 goblins
  6 hobgoblins
  5 jackals
  2 quokkas (D:3)
  A ball python (D:4)
  9 bats
  2 frilled lizards
  4 kobolds
  A leopard gecko skeleton (D:4)
  3 rats
77 creatures vanquished.

Vanquished Creatures (collateral kills)
  A phantom (D:5)
  A gnoll (D:2)
  2 dart slugs
  A hobgoblin (D:3)
  A kobold (D:1)
6 creatures vanquished.

Vanquished Creatures (others)
  A gnoll (D:2)
  A dart slug (D:1)
  A hobgoblin (D:1)
  A ball python (D:1)
4 creatures vanquished.

Grand Total: 87 creatures vanquished

Notes
Turn   | Place    | Note
-------+----------+-------------------------------------------
     0 | D:1      | hurricos the High Elf Artificer began the quest for the Orb.
     0 | D:1      | Reached XP level 1. HP: 13/13 MP: 4/4
   446 | D:1      | Reached skill level 2 in Short Blades
   620 | D:1      | Reached XP level 2. HP: 17/18 MP: 5/5
   898 | D:1      | Reached skill level 3 in Short Blades
  1275 | D:1      | You fall through a shaft!
  1327 | D:2      | Reached XP level 3. HP: 12/23 MP: 6/6
  1512 | D:2      | Reached skill level 4 in Short Blades
  1731 | D:2      | HP: 1/23 [gnoll/club (1)]
  1784 | D:2      | HP: 1/23 [gnoll/club (4)]
  1786 | D:2      | Reached XP level 4. HP: 1/28 MP: 7/7
  2111 | D:2      | Reached skill level 5 in Short Blades
  3007 | D:3      | HP: 1/28 [poisoned by an adder]
  3865 | D:3      | Noticed Sigmund
  4017 | D:3      | Noticed Sigmund
  4017 | D:3      | Sigmund changed into Sigmund the boggart
  4022 | D:3      | Killed Sigmund the boggart
  4022 | D:3      | Reached skill level 6 in Short Blades
  4022 | D:3      | Reached XP level 5. HP: 10/33 MP: 8/8
  4779 | D:3      | Reached skill level 7 in Short Blades
  5345 | D:3      | Noticed a sky beast
  5351 | D:3      | Killed a sky beast
  5351 | D:3      | Reached XP level 6. HP: 38/38 MP: 9/9
  5485 | D:4      | Reached skill level 8 in Short Blades
  5839 | D:5      | Entered Level 5 of the Dungeon
  5973 | D:4      | Reached XP level 7. HP: 20/43 MP: 10/10
  6157 | D:5      | Reached skill level 9 in Short Blades
  6176 | D:5      | Found a staircase to the Ecumenical Temple.
  6371 | D:5      | Slain by an ogre

Skill      XL: |  1  2  3  4  5  6  7 |
---------------+----------------------+-----
Short Blades   | 2 3 4 6 7 8 9 |  9.5
Fighting       | |  1.0
Dodging        | |  2.1
Stealth        | |  1.1
Evocations     | |  3.0

Action                   |  1- 3 |  4- 6 |  7- 9 || total
-------------------------+-------+-------+-------++-------
Melee: Short sword       |   130 |   230 |       ||   360
       Rapier            |       |       |    28 ||    28
Evoke: Wand              |    11 |    20 |     5 ||    36
 Stab: Sleeping          |       |     1 |       ||     1
  Eat: Bread ration      |     1 |     1 |     1 ||     3
       Chunk             |       |     6 |       ||     6
Armor: Leather armour    |    51 |    42 |     3 ||    96
Dodge: Dodged            |   118 |   117 |     6 ||   241
